AoeStats
← nlhoekstra95

Arabia

509341708Analyzed
2v2 RM · 5d ago on Sep 26, 2026· 43m 44s· 4 players
Game mode
Random Map
Map size
Medium (4 player)
Population
200
Speed
Normal
Resources
Standard
Victory
Conquest
Starting age
Dark Age
Ending age
Imperial Age
RankedLock teamsTeams togetherTeam positionsShared explorationLock speedFull tech treeHidden civsTurbo modeCheats
Victory
Defeat
🇳🇱 Bengalis · Netherlands
983
+13
🇳🇱 Celts · Netherlands
960
+13
🇲🇽 Mongols · Mexico
912
-29
🇺🇸 Turks · United States
898
-13
brauxico
9:52 Feudal Age
10:44 Double-Bit Axe
11:34 Loom
21:52 Castle Age
24:19 Pikeman
27:37 Murder Holes
30:03 Bow Saw
35:15 Squires
38:37 Wheelbarrow
38:19 Masonry
42:24 Imperial Age
43:10 Capped Ram
Hitman88
3:41 Loom
12:19 Feudal Age
13:10 Man-at-Arms
19:38 Double-Bit Axe
24:38 Castle Age
23:05 Stone Mining
24:42 Crossbowman
elizardo1995
6:42 Loom
9:08 Feudal Age
9:48 Double-Bit Axe
13:27 Horse Collar
15:45 Forging
16:45 Wheelbarrow
17:09 Scale Barding Armor
23:19 Castle Age
22:12 Gold Mining
24:31 Bloodlines
24:46 Bow Saw
32:39 Hand Cart
32:40 Fletching
34:38 Heavy Plow
37:08 Bodkin Arrow
38:40 Crossbowman
39:55 Sanctity
40:47 Husbandry
40:11 Elite Skirmisher
44:19 Imperial Age
nlhoekstra95
6:56 Loom
10:20 Feudal Age
10:22 Man-at-Arms
11:13 Double-Bit Axe
14:02 Horse Collar
20:51 Castle Age
19:09 Scale Mail Armor
20:04 Arson
20:56 Long Swordsman
21:22 Gambesons
26:17 Wheelbarrow
28:13 Chain Mail Armor
28:14 Forging
28:13 Town Watch
32:17 Bow Saw
32:32 Gold Mining
35:57 Imperial Age
36:08 Two-Handed Swordsman
40:05 Iron Casting
40:01 Plate Mail Armor
39:22 Fletching
43:53 Hand Cart
43:39 Champion
Connection lost

Rejoining the realm…

Still unreachable

The connection could not be restored.

Session expired

The server has moved on; the page needs a fresh start.